 Dungeon Crawl Stone Soup version 0.28.0 (webtiles) character file.

Game seed: 7571949720445181064

18143 trckry the Basher (level 12, -2/106 HPs)
             Began as a Minotaur Gladiator on Feb 6, 2022.
             Was a High Priest of the Shining One.
             Killed from afar by a storm dragon (20 damage)
             ... with a bolt of lightning
             ... on level 11 of the Dungeon.
             The game lasted 00:44:30 (13213 turns).

trckry the Basher (Minotaur Gladiator)             Turns: 13213, Time: 00:44:31

Health: -2/106     AC:  9    Str: 28    XL:     12   Next: 25%
Magic:  0/19       EV: 12    Int:  5    God:    the Shining One [*****.]
Gold:   803        SH:  0    Dex: 14    Spells: 11/11 levels left

rFire   + . .      SeeInvis .   a - +0 morningstar
rCold   . . .      Faith    .   (no shield)
rNeg    + + .      Spirit   +   v - +0 troll leather armour
rPois   .          Reflect  .   M - +1 hat
rElec   .          Harm     .   L - +0 cloak {rCorr}
rCorr   +          Rampage  .   B - +0 pair of gloves
Will    .....                   (no boots)
Stlth   +.........              f - amulet of guardian spirit
HPRegen 1.07/turn               t - ring of protection from fire
MPRegen 0.16/turn               A - +6 ring of strength

@: glowing
A: horns 2, retaliatory headbutt
a: Renounce Religion, Divine Shield, Cleansing Flame, Summon Divine Warrior


You were on level 11 of the Dungeon.
You worshipped the Shining One.
The Shining One was extremely pleased with you.
You visited 2 branches of the dungeon, and saw 12 of its levels.
You also visited: Bailey.

You collected 803 gold pieces.

Inventory:

Hand Weapons
 a - a +0 morningstar (weapon)
Missiles
 b - 31 poisoned darts (quivered)
 z - a curare-tipped dart
 C - 26 boomerangs
Armour
 p - a +2 ring mail of poison resistance
 v - a +0 troll leather armour (worn)
 B - a +0 pair of gloves (worn)
 F - a +0 plate armour
 L - a +0 cloak of preservation (worn)
 M - a +1 hat (worn)
Jewellery
 f - an amulet of guardian spirit (around neck)
 t - a ring of protection from fire (left hand)
 A - a +6 ring of strength (right hand)
Wands
 d - a wand of polymorph (4)
 n - a wand of iceblast (5)
 y - a wand of acid (8)
 N - a wand of paralysis (4)
 O - a wand of flame (9)
 R - a wand of digging (2)
Scrolls
 g - 4 scrolls of fog {unknown}
 i - 4 scrolls of noise {unknown}
 j - 3 scrolls of magic mapping {unknown}
 k - 8 scrolls of identify {unknown}
 l - 10 scrolls of teleportation {unknown}
 m - 4 scrolls of acquirement
 s - 3 scrolls of blinking {unknown}
 u - a scroll of summoning {unknown}
 G - a scroll of silence {unknown}
 H - 2 scrolls of holy word {unknown}
 I - 2 scrolls of immolation {unknown}
 K - a scroll of brand weapon {unknown}
 T - a scroll of fear {unknown}
 U - a scroll of amnesia {unknown}
Potions
 c - a potion of berserk rage {unknown}
 h - 7 potions of heal wounds {unknown}
 o - 3 potions of magic {unknown}
 q - 3 potions of lignification {unknown}
 r - 3 potions of might {unknown}
 w - 2 potions of resistance {unknown}
 x - 2 potions of degeneration {unknown}
 D - a potion of ambrosia {unknown}
 E - 3 potions of mutation {unknown}
 P - 2 potions of attraction {unknown}
 Q - a potion of flight {unknown}
 S - a potion of invisibility {unknown}
 V - a potion of haste {unknown}


   Skills:
 + Level 9.8 Fighting
 + Level 11.9 Maces & Flails
 + Level 8.1 Throwing
 + Level 9.1 Armour
 - Level 3.2 Dodging
 * Level 10.7 Invocations
 + Level 4.9 Evocations


You had 11 spell levels left.
You didn't know any spells.
Your spell library contained the following spells:

 Spells                   Type           Power      Damage    Failure   Level
 Static Discharge         Conj/Air       0%         N/A       65%         2
 Sublimation of Blood     Necr           0%         N/A       65%         2
 Inner Flame              Hex/Fire       0%         N/A       87%         3
 Animate Armour           Summ/Erth      0%         N/A       99%         4
 Cause Fear               Hex            0%         N/A       99%         4
 Dispel Undead            Necr           0%         3d6       99%         4
 Hailstorm                Conj/Ice       0%         3d3       99%         4
 Ice Form                 Ice/Tmut       0%         N/A       99%         4
 Leda's Liquefaction      Hex/Erth       0%         N/A       99%         4
 Petrify                  Tmut/Erth      0%         N/A       99%         4
 Sticky Flame             Conj/Fire      0%         2d3       99%         4
 Blade Hands              Tmut           0%         N/A       100%        5
 Irradiate                Conj/Tmut      0%         3d13      100%        5
 Lee's Rapid Deconstruct  Erth           0%         3d5*      100%        5
 Iron Shot                Conj/Erth      0%         9d1       100%        6
 Simulacrum               Ice/Necr       0%         N/A       100%        6
 Statue Form              Tmut/Erth      0%         N/A       100%        6
 Discord                  Hex            0%         N/A       100%        8


Dungeon Overview and Level Annotations

Branches:
Dungeon (11/15)            Temple (1/1) D:4            Lair (0/6) D:11
 Bailey (visited)
    Orc: D:9-12

Altars:
Ashenzari
Cheibriados
Dithmenos
Elyvilon
Fedhas
Gozag
Hepliaklqana
Kikubaaqudgha
Makhleb
Nemelex Xobeh
Okawaru
Qazlal
Ru
Sif Muna
Trog
Uskayaw
Vehumet
Wu Jian
Xom
Yredelemnul
Zin
The Shining One

Shops:
D:4 *   D:11 =

Annotations:
D:6 3 runed translucent doors, Ekaitz's ghost, novice DsNe
D:8 3 runed translucent doors, BiteMe's ghost, novice DrCj


Innate Abilities, Weirdness & Mutations

You have a pair of horns on your head.
You reflexively headbutt those who attack you in melee.


Message History

There is an open door here.
You start resting.
HP restored.
There is an open door here.
A troll comes into view.
The troll shouts!
You hear a shout!
Items here: ( ) [ †††.
A storm dragon comes into view.
The troll barely misses you. You furiously retaliate!
You headbutt the troll! The troll claws you! The troll barely misses you.
You see here a curare-tipped dart.
z - a curare-tipped dart The troll bites you but does no damage.
The troll claws you. The troll claws you but does no damage.
Items here: ( ) [ †††.
There is an open door here.
The storm dragon breathes lightning at you.
The bolt of lightning hits you!!
The storm dragon breathes lightning at you.
The bolt of lightning hits you!
The storm dragon breathes lightning at you.
The bolt of lightning hits you!!!
The storm dragon breathes lightning at you.
The bolt of lightning misses you.
The storm dragon breathes lightning at you.
The bolt of lightning hits you!!!
* * * LOW HITPOINT WARNING * * *
There is an open door here.
You close the door.
Something unseen breaks down the door.
There is an open door here.
Throw: throwing net
Press: ? - help, Q - select action, (/) - cycle Shift-Dir - straight line, f - storm dragon
Aim: a storm dragon (haloed, 82% to hit, immune to nets)
You throw a throwing net.
The throwing net barely misses the storm dragon.
Okay, then.
The storm dragon breathes lightning at you.
The bolt of lightning hits you!!
You die...

## ...#8# #####≈# #... .#C/..###
### #### .'....'. #. ##c...###
######## #. ....#8# #####≈.....#
#. ###..##≈## ##≈≈≈≈≈.....# #.
#≈####≈≈≈####≈≈.........###### #8
.........#.TD'...)(.....††...####
.....T..D'.###..@.......####...##
.........### #..........# ###..'
.........# #..........# ####
########## #..........# #
############ # #


You could see a storm dragon (catching breath) and a troll.

Vanquished Creatures
  An orc warlord (Bailey)
  Harold (D:9)
  A boulder beetle (D:11)
  Erica (D:9)
  A centaur warrior (D:9)
  A two-headed ogre (D:11)
  A deep troll (shapeshifter) (D:11)
  Pikel (D:5)
  3 cyclopes
  Maurice (D:9)
  Joseph (D:9)
  An elephant (D:11)
  2 gargoyles
  Maggie (D:7)
  5 trolls
  A slime creature (D:9)
  A shadow (D:9)
  2 wraiths (D:11)
  2 wyverns
  15 yaks
  3 vampire mosquitoes (D:10)
  A steam dragon (D:6)
  A basilisk (D:11)
  Menkaure (D:6)
  An acid dragon (D:8)
  5 water moccasins
  Duvessa (D:5)
  A sky beast (D:8)
  9 orc warriors
  4 ice beasts
  A black bear (D:11)
  A necrophage (D:4)
  2 ogres (D:6)
  6 centaurs
  2 kobold brigands (D:7)
  A bullfrog (D:9)
  2 gnoll sergeants
  A water moccasin zombie (D:5)
  Dowan (D:5)
  A wyvern skeleton (D:7)
  3 jellies
  4 killer bees (D:8)
  3 howler monkeys
  3 wights (D:8)
  7 centaur zombies
  2 bullfrog zombies
  3 hounds
  A centaur skeleton (D:5)
  2 orc priests
  A bullfrog skeleton (D:5)
  Terence (D:3)
  An iguana (D:4)
  Natasha (thrice) (D:4)
  5 orc wizards
  A killer bee zombie (D:6)
  4 howler monkey zombies
  9 gnolls
  7 adders
  A shadow imp (D:6)
  2 white imps (D:6)
  A worm (D:3)
  The ghost of Sharkman1231 the Sneak, a weakling DsDe (D:3)
  3 dart slugs
  24 orcs
  4 ball pythons
  5 endoplasms
  A giant cockroach (D:1)
  8 goblins
  16 hobgoblins
  4 jackals (D:3)
  24 kobolds
  5 quokkas
  4 bats
  A frilled lizard (D:2)
  4 rats
256 creatures vanquished.

Vanquished Creatures (others)
  A wizard (D:4)
  A kobold (D:3)
  17 fungi (D:5)
19 creatures vanquished.

Grand Total: 275 creatures vanquished

Notes
Turn   | Place    | Note
-------+----------+-------------------------------------------
     0 | D:1      | trckry the Minotaur Gladiator began the quest for the Orb.
     0 | D:1      | Reached XP level 1. HP: 18/18 MP: 0/0
     6 | D:1      | Noticed a water moccasin
     6 | D:1      | Noticed a hog
     6 | D:1      | Noticed a redback
     7 | D:1      | Noticed a black bear
     7 | D:1      | Noticed a swamp drake
    93 | D:1      | Found a faded altar of an unknown god.
   119 | D:1      | Prayed at the altar of an unknown god.
   119 | D:1      | Became a worshipper of the Shining One
   119 | D:1      | Reached * piety under the Shining One
   355 | D:1      | Reached XP level 2. HP: 17/25 MP: 1/1
   466 | D:1      | Reached skill level 4 in Maces & Flails
   985 | D:2      | Reached skill level 1 in Armour
  1163 | D:2      | Reached XP level 3. HP: 23/30 MP: 2/2
  1345 | D:2      | Found an iron altar of Okawaru.
  2150 | D:3      | Reached skill level 1 in Invocations
  2150 | D:3      | Reached XP level 4. HP: 30/38 MP: 1/3
  2164 | D:3      | Found an ancient bone altar of Kikubaaqudgha.
  2724 | D:3      | Noticed Terence
  2730 | D:3      | Killed Terence
  2731 | D:3      | Reached skill level 5 in Maces & Flails
  2731 | D:3      | Reached XP level 5. HP: 35/45 MP: 2/5
  3107 | D:3      | Found a runed translucent door.
  3112 | D:3      | Noticed Sharkman1231's ghost (weakling DsDe)
  3127 | D:3      | Killed Sharkman1231's ghost
  3458 | D:4      | Noticed a +0 short sword
  3459 | D:4      | Noticed a +0 falchion
  3459 | D:4      | Noticed a +0 short sword
  3460 | D:4      | Noticed a +0 dagger
  3461 | D:4      | Noticed a +0 spear
  3469 | D:4      | Found a hide-covered altar of Uskayaw.
  3469 | D:4      | Noticed a +0 dagger
  3470 | D:4      | Noticed a +0 falchion
  3472 | D:4      | Noticed a +0 spear
  3472 | D:4      | Reached ** piety under the Shining One
  3598 | D:4      | Noticed a necrophage
  3609 | D:4      | Killed a necrophage
  3610 | D:4      | Reached XP level 6. HP: 50/52 MP: 6/6
  3910 | D:4      | Found a staircase to the Ecumenical Temple.
  3917 | Temple   | Entered the Ecumenical Temple
  4125 | D:4      | Found Uhidwil's Neck Hole.
  4141 | D:4      | Noticed Natasha
  4144 | D:4      | Killed Natasha
  4183 | D:4      | Found a bloodstained altar of Trog.
  4183 | D:4      | Found an iron altar of Okawaru.
  4184 | D:4      | Noticed a wizard
  4189 | D:4      | Killed a wizard
  4272 | D:4      | Noticed Natasha
  4276 | D:4      | Killed Natasha
  4392 | D:4      | Noticed Natasha
  4401 | D:4      | Killed Natasha
  4504 | D:5      | Entered Level 5 of the Dungeon
  4693 | D:5      | Noticed Duvessa
  4693 | D:5      | Noticed Dowan
  4710 | D:5      | Killed Duvessa
  4711 | D:5      | Reached skill level 6 in Maces & Flails
  4711 | D:5      | Reached XP level 7. HP: 24/59 MP: 4/8
  4722 | D:5      | HP: 5/59 [Dowan (5)]
  4725 | D:5      | HP: 1/59 [Dowan/stone arrow (5)]
  4727 | D:5      | The Shining One protects you from harm!
  4728 | D:5      | Killed Dowan
  5055 | D:5      | Noticed Pikel
  5065 | D:5      | Killed Pikel
  5066 | D:5      | Reached skill level 5 in Fighting
  5066 | D:5      | Reached skill level 7 in Maces & Flails
  5066 | D:5      | Reached XP level 8. HP: 68/68 MP: 8/10
  5323 | D:5      | You fall into a shaft and drop 2 floors!
  5364 | D:7      | Noticed Maggie
  5386 | D:7      | Killed Maggie
  5387 | D:7      | Reached skill level 5 in Invocations
  5467 | D:7      | Reached skill level 8 in Maces & Flails
  5475 | D:7      | Noticed a troll
  5481 | D:7      | HP: 10/69 [troll (3)]
  5495 | D:7      | Killed a troll
  5536 | D:7      | Reached *** piety under the Shining One
  5539 | D:7      | HP: 6/70 [centaur/arrow (9)]
  5545 | D:7      | HP: 2/70 [wyvern skeleton (5)]
  5551 | D:7      | Reached skill level 5 in Armour
  5732 | D:7      | Found a flagged portal.
  5853 | Bailey   | Entered a bailey
  5882 | Bailey   | Noticed an orc warlord
  5946 | Bailey   | Reached XP level 9. HP: 46/75 MP: 6/12
  5991 | Bailey   | Found a runed translucent gate.
  5992 | Bailey   | Found a runed translucent gate.
  5993 | Bailey   | Found a runed translucent gate.
  6022 | Bailey   | Reached skill level 5 in Throwing
  6260 | Bailey   | HP: 3/75 [orc warlord (16)]
  6299 | Bailey   | HP: 11/75 [orc warlord (31)]
  6558 | Bailey   | Killed an orc warlord
  6559 | Bailey   | Reached skill level 9 in Maces & Flails
  6785 | D:6      | Noticed Menkaure
  6786 | D:6      | Noticed a troll
  6957 | D:7      | Found a burning altar of Makhleb.
  7399 | D:5      | Killed a troll
  8132 | D:6      | Reached XP level 10. HP: 74/86 MP: 8/14
  8135 | D:6      | Found a shimmering altar of Xom.
  8140 | D:6      | Reached skill level 10 in Maces & Flails
  8206 | D:6      | Reached skill level 1 in Evocations
  8273 | D:6      | Found a runed translucent gate.
  8274 | D:6      | Found a runed translucent gate.
  8275 | D:6      | Found a runed translucent gate.
  8275 | D:6      | Noticed Ekaitz's ghost (novice DsNe)
  8363 | D:6      | Killed Menkaure
  8415 | D:6      | Reached **** piety under the Shining One
  8767 | D:8      | Found a runed translucent gate.
  8767 | D:8      | Found a runed translucent gate.
  8767 | D:8      | Noticed a manticore
  8768 | D:8      | Noticed BiteMe's ghost (novice DrCj)
  8769 | D:8      | Found a runed translucent gate.
  9033 | D:8      | Noticed a death drake
  9042 | D:8      | Noticed a cyclops
  9076 | D:8      | Noticed a death drake
  9375 | D:8      | Noticed a radroach
  9399 | D:9      | Noticed Maurice
  9412 | D:9      | Killed Maurice
  9471 | D:9      | Noticed Joseph
  9484 | D:9      | Killed Joseph
  9829 | D:9      | Noticed Harold
  9961 | D:8      | Noticed a quicksilver ooze
 10193 | D:9      | Killed Harold
 10194 | D:9      | Reached XP level 11. HP: 94/94 MP: 14/16
 10441 | D:9      | Found a shadowy altar of Dithmenos.
 10517 | D:9      | Noticed Erica
 10570 | D:9      | Killed Erica
 10623 | D:9      | Noticed a centaur warrior
 10649 | D:9      | Killed a centaur warrior
 10659 | D:9      | Reached skill level 11 in Maces & Flails
 10663 | D:9      | Reached ***** piety under the Shining One
 11179 | D:10     | Entered Level 10 of the Dungeon
 11181 | D:10     | Identified the +8 spear "Zalilefu" {speed, *Rage Str+2
                  | Int+2}
 12228 | D:11     | Noticed Erolcha
 12272 | D:11     | Found Gocuwkee's Jewellery Emporium.
 12341 | D:11     | Reached skill level 10 in Invocations
 12395 | D:11     | Found a runed translucent door.
 12395 | D:11     | Noticed a five-headed hydra
 12402 | D:11     | Noticed a two-headed ogre
 12442 | D:11     | Killed a two-headed ogre
 12644 | D:11     | Noticed a boulder beetle
 12661 | D:11     | Killed a boulder beetle
 12662 | D:11     | Reached XP level 12. HP: 83/105 MP: 12/18
 12809 | D:11     | HP: 13/106 [cyclops (20)]
 12909 | D:11     | Found a staircase to the Lair.
 12919 | D:11     | Noticed Erolcha
 12919 | D:11     | Erolcha changed into Erolcha the ice beast
 12928 | D:11     | Killed Erolcha the ice beast
 13093 | D:11     | HP: 10/106 [troll (9)]
 13189 | D:11     | Noticed a storm dragon
 13203 | D:11     | HP: 8/106 [storm dragon/bolt of lightning (35)]
 13213 | D:11     | Killed from afar by a storm dragon

Illustrated notes

Levels and vault maps discovered:
D:1:      onia_arrival_zoo_common, layout_loops_cross,
          ebering_ecumenical_altar_box
D:2:      layout_loops_cross, basic_altar, minmay_misc_feat_enclosed,
          roderic_malta_cross, feat_on_display
D:3:      layout_basic, kiku_gazebo_pond_becter, ebering_ghost_reflecting_pool,
          uniq_terence
D:4:      layout_basic, nicolae_uskayaw_en_pointe, trog_wizard,
          okawaru_ov_weapons_minmay, minmay_temple_entry_overgrown,
          serial_glass, glass_columns_b, glass_columns_c, glass_columns_a,
          glass_columns_c, glass_columns_a, glass_columns_a, glass_columns_a,
          glass_columns_a, glass_columns_c, glass_columns_a, glass_columns_a,
          glass_columns_c, glass_columns_b, glass_columns_b, feat_on_display,
          minmay_strange_pillars, nicolae_shop_sticking_my_neck_out,
          uniq_natasha
D:5:      layout_loops_ring, serial_aquarium, aquarium_bridge_square
          [aquarium_subvault_window, aquarium_subvault_window,
          aquarium_subvault_bridge, aquarium_subvault_window],
          aquarium_window_double, aquarium_window_1, aquarium_window_corridor_1,
          aquarium_view_2g, aquarium_view_2d, aquarium_balcony_1b,
          aquarium_pool_double, uniq_pikel, uniq_duvessa
D:6:      layout_rooms, mainiacjoe_overflow_six_doors_small,
          gammafunk_ghost_split, corexii_corridor_pit, uniq_menkaure
D:7:      layout_basic, amcnicky_altar_gilded, enter_bailey_2, uniq_maggie
D:8:      layout_basic, gammafunk_ghost_split
D:9:      minmay_bloctagon, layout_cave_pods,
          nicolae_dithmenos_through_a_glass_darkly, uniq_joseph, uniq_erica,
          uniq_maurice, uniq_harold
D:10:     layout_grid_maze
D:11:     layout_roguey, david_lair_generic, serial_shops,
          nicolae_stop_n_shop_1, lightli_airlock, uniq_erolcha
Temple:   eino_wide_crystal_templ

Skill      XL: |  1  2  3  4  5  6  7  8  9 10 11 12 |
---------------+-------------------------------------+-----
Maces & Flails | 4 5 6 7 8 9 10 11 | 11.9
Armour         | 1 2 3 4 5 6 7 8 9 |  9.1
Fighting       | 3 4 5 7 8 9 |  9.8
Invocations    | 1 2 3 4 5 7 8 10 | 10.7
Throwing       | 3 4 5 6 7 8 |  8.1
Evocations     | 2 4 |  4.9
Dodging        | |  3.2

Action                   |  1- 3 |  4- 6 |  7- 9 | 10-12 || total
-------------------------+-------+-------+-------+-------++-------
Melee: Flail             |    63 |   100 |   167 |   394 ||   724
       Headbutt          |     9 |    27 |    38 |   149 ||   223
       Punch             |     1 |       |     3 |     5 ||     9
       Morningstar       |       |       |       |    54 ||    54
Throw: Throwing net      |       |     3 |       |     5 ||     8
       Dart              |       |       |    33 |    22 ||    55
       Boomerang         |       |       |     9 |       ||     9
Invok: Cleansing Flame   |       |       |       |     1 ||     1
Evoke: Wand              |       |       |    32 |    10 ||    42
Armor: Leather armour    |     7 |    18 |     7 |       ||    32
       Troll leather arm |       |       |    28 |   108 ||   136
       Skin              |       |       |       |     4 ||     4
Dodge: Dodged            |    35 |    56 |   114 |   227 ||   432
